 Dungeon Crawl Stone Soup version 0.22.1-2-g9c5b331 (webtiles) character file.

133 TheAlmogaver the Magician (level 5, -3/37 HPs)
             Began as a Gnoll Wizard on Dec 16, 2018.
             Slain by a wight
             ... wielding a +5 long sword
              (10 damage)
             ... on level 2 of the Dungeon.
             The game lasted 00:09:14 (1305 turns).

TheAlmogaver the Magician (Gnoll Wizard)            Turns: 1305, Time: 00:09:15

Health: -3/37      AC:  3    Str: 10    XL:     5   Next: 16%
Magic:  0/14       EV: 14    Int: 21    God:
Gold:   25         SH:  0    Dex: 13    Spells: 7/18 levels left

rFire    . . .     SeeInvis .   c - +0 club
rCold    . . .     Gourm    .   (no shield)
rNeg     . . .     Faith    .   a - +0 robe
rPois    .         Spirit   .   b - +0 hat
rElec    .         Reflect  .   (no cloak)
rCorr    .         Harm     .   e - +0 pair of gloves
MR       .....                  (no boots)
Stlth    ++........             (no amulet)
HPRegen  0.12/turn              (no ring)
MPRegen  0.14/turn              (no ring)

@: very slightly contaminated, drained
A: distributed training, fangs 1, strong nose
a: no special abilities


You were on level 2 of the Dungeon.
You were not hungry.

You visited 1 branch of the dungeon, and saw 2 of its levels.

You collected 25 gold pieces.

Inventory:

Hand Weapons
 c - a +0 club (weapon)
Armour
 a - a +0 robe (worn)
 b - a +0 hat (worn)
 e - a +0 pair of gloves (worn)
Jewellery
 g - an uncursed ring of magical power {unknown}
 k - a cursed -3 ring of intelligence {unknown}
Scrolls
 i - a scroll of remove curse
Potions
 f - a potion of curing
 h - a potion of heal wounds
Comestibles
 d - 7 rations
 j - a chunk of flesh


   Skills:
 + Level 1.3(0.8) Fighting
 + Level 1.3(0.8) Short Blades
 + Level 1.3(0.8) Long Blades
 + Level 1.3(0.8) Axes
 + Level 1.3(0.8) Maces & Flails
 + Level 1.3(0.8) Polearms
 + Level 1.3(0.8) Staves
 + Level 1.3(0.8) Slings
 + Level 1.3(0.8) Bows
 + Level 1.3(0.8) Crossbows
 + Level 1.3(0.8) Throwing
 + Level 1.3(0.8) Armour
 + Level 4.7(4.1) Dodging
 + Level 4.3(3.8) Stealth
 + Level 1.3(0.8) Shields
 + Level 1.3(0.8) Unarmed Combat
 + Level 7.2(6.6) Spellcasting
 + Level 2.3(1.8) Conjurations
 + Level 1.1(0.6) Hexes
 + Level 1.1(0.6) Charms
 + Level 2.3(1.8) Summonings
 + Level 1.1(0.6) Necromancy
 + Level 2.3(1.8) Translocations
 + Level 1.1(0.6) Transmutations
 + Level 1.1(0.6) Fire Magic
 + Level 1.1(0.6) Ice Magic
 + Level 1.1(0.6) Air Magic
 + Level 1.1(0.6) Earth Magic
 + Level 1.1(0.6) Poison Magic
 + Level 1.5(1.0) Invocations
 + Level 1.3(0.8) Evocations


You had 7 spell levels left.
You knew the following spells:

 Your Spells              Type           Power        Failure   Level  Hunger
a - Magic Dart            Conj           ##..         4%          1    None
b - Blink                 Tloc           N/A          7%          2    None
c - Call Imp              Summ           ##......     7%          2    None
d - Conjure Flame         Conj/Fire      ##......     17%         3    #......
e - Mephitic Cloud        Conj/Pois/Air  ##......     19%         3    #......

Your spell library contained the following spells:

 Spells                   Type           Power        Failure   Level  Hunger
 Slow                     Hex            #.......     11%         2    None


Dungeon Overview and Level Annotations

Branches:
Dungeon (2/15)

Altars:


Innate Abilities, Weirdness & Mutations

Your experience applies equally to all skills.
You have very sharp teeth.
Your uncanny sense of smell can sniff out nearby items.


Message History

Your crimson imp hits the wight.
The frilled lizard barely misses you.
The wight barely misses your crimson imp.
You hit the wight but do no damage.
The wight is severely damaged.
Your crimson imp blinks!
The frilled lizard misses you. The wight closely misses you.
The frilled lizard bites you but does no damage.
You closely miss the wight.
The wight is severely damaged.
Your crimson imp disappears in a puff of smoke!
The wight hits you with an enchanted long sword!
* * * LOW HITPOINT WARNING * * *
You feel drained.
* * * LOW HITPOINT WARNING * * *
The frilled lizard misses you.
Casting: Call Imp (safe; 7% risk of failure)
Confirm with . or Enter, or press ? or * to list all spells.
A shadowy apparition takes form in the air.
The wight hits you with an enchanted long sword!
You die...

......# #......#.......
......# #......#.§..?.###
....### #......#.........
......# #......#.........
......# #................
......# ###............##
....#####..........?.....
####....'...###.)l§......
###....#...# #.@z5......
.......###.# ######.....
#.......###.####### ....
................... . .
...................
...................
.#........##.......
.#........##.......
##.........#.......


You could see a wight, a frilled lizard and a friendly shadow imp.

Vanquished Creatures
  A wight (D:2)
  3 giant cockroaches
  5 hobgoblins
  9 jackals
  A kobold (D:1)
  A ball python (D:1)
  2 bats (D:1)
  2 frilled lizards (D:1)
  7 goblins
  3 rats
34 creatures vanquished.

Vanquished Creatures (collateral kills)
  2 wights (D:2)
  A worm (D:2)
3 creatures vanquished.

Grand Total: 37 creatures vanquished

Notes
Turn   | Place    | Note
-------+----------+-------------------------------------------
     0 | D:1      | TheAlmogaver the Gnoll Wizard began the quest for the Orb.
     0 | D:1      | Reached XP level 1. HP: 13/13 MP: 8/8
   226 | D:1      | Reached XP level 2. HP: 17/19 MP: 2/10
   497 | D:1      | Reached XP level 3. HP: 25/25 MP: 6/11
   914 | D:2      | Learned a level 2 spell: Blink
   917 | D:2      | Learned a level 2 spell: Call Imp
   921 | D:2      | Learned a level 3 spell: Conjure Flame
   925 | D:2      | Learned a level 3 spell: Mephitic Cloud
  1172 | D:2      | Reached skill level 1 in Fighting
  1172 | D:2      | Reached skill level 1 in Short Blades
  1172 | D:2      | Reached skill level 1 in Long Blades
  1172 | D:2      | Reached skill level 1 in Axes
  1172 | D:2      | Reached skill level 1 in Maces & Flails
  1172 | D:2      | Reached skill level 1 in Polearms
  1172 | D:2      | Reached skill level 1 in Staves
  1172 | D:2      | Reached skill level 1 in Slings
  1172 | D:2      | Reached skill level 1 in Bows
  1172 | D:2      | Reached skill level 1 in Crossbows
  1172 | D:2      | Reached skill level 1 in Throwing
  1172 | D:2      | Reached skill level 1 in Armour
  1172 | D:2      | Reached skill level 1 in Shields
  1172 | D:2      | Reached skill level 1 in Unarmed Combat
  1172 | D:2      | Reached skill level 1 in Invocations
  1172 | D:2      | Reached skill level 1 in Evocations
  1172 | D:2      | Reached XP level 4. HP: 32/32 MP: 1/13
  1188 | D:2      | Reached skill level 1 in Hexes
  1188 | D:2      | Reached skill level 1 in Charms
  1188 | D:2      | Reached skill level 1 in Necromancy
  1188 | D:2      | Reached skill level 1 in Transmutations
  1188 | D:2      | Reached skill level 1 in Fire Magic
  1188 | D:2      | Reached skill level 1 in Ice Magic
  1188 | D:2      | Reached skill level 1 in Air Magic
  1188 | D:2      | Reached skill level 1 in Earth Magic
  1188 | D:2      | Reached skill level 1 in Poison Magic
  1297 | D:2      | Reached XP level 5. HP: 30/37 MP: 0/14
  1305 | D:2      | Slain by a wight

Skill      XL: |  1  2  3  4 |
---------------+-------------+-----
Conjurations   | 2 |  2.3
Summonings     | 2 |  2.3
Translocations | 2 |  2.3
Fighting       | 1 |  1.3
Short Blades   | 1 |  1.3
Long Blades    | 1 |  1.3
Axes           | 1 |  1.3
Maces & Flails | 1 |  1.3
Polearms       | 1 |  1.3
Staves         | 1 |  1.3
Slings         | 1 |  1.3
Bows           | 1 |  1.3
Crossbows      | 1 |  1.3
Throwing       | 1 |  1.3
Armour         | 1 |  1.3
Shields        | 1 |  1.3
Unarmed Combat | 1 |  1.3
Invocations    | 1 |  1.5
Evocations     | 1 |  1.3
Hexes          | 1 |  1.1
Charms         | 1 |  1.1
Necromancy     | 1 |  1.1
Transmutations | 1 |  1.1
Fire Magic     | 1 |  1.1
Ice Magic      | 1 |  1.1
Air Magic      | 1 |  1.1
Earth Magic    | 1 |  1.1
Poison Magic   | 1 |  1.1
Dodging        | |  4.7
Stealth        | |  4.3
Spellcasting   | |  7.2

Action                   |  1- 3 |  4- 6 || total
-------------------------+-------+-------++-------
Melee: Club              |     7 |    13 ||    20
       Bite              |       |     2 ||     2
 Cast: Magic Dart        |    59 |     9 ||    68
       Call Imp          |     6 |     4 ||    10
  Use: Potion            |     5 |       ||     5
       Scroll            |     2 |       ||     2
  Eat: Chunk             |     1 |       ||     1
Armor: Robe              |     6 |     4 ||    10
Dodge: Dodged            |    11 |    22 ||    33
